 Dungeon Crawl Stone Soup version 0.29-a0-341-g24ffce5b50 (webtiles) character file.

Game seed: 16593644452091798362

20 spaghetti the Caller (level 2, 0/22 HPs)
             Began as a Demonspawn Summoner on Apr 20, 2022.
             Slain by a gnoll
             ... wielding a +0 club
              (8 damage)
             ... on level 1 of the Dungeon.
             The game lasted 00:01:36 (856 turns).

spaghetti the Caller (Demonspawn Summoner)           Turns: 856, Time: 00:01:37

Health: 0/22       AC:  2    Str:  8    XL:     2   Next: 58%
Magic:  1/5        EV: 12    Int: 16    God:
Gold:   28         SH:  0    Dex: 13    Spells: 2/5 levels left

rFire   . . .      SeeInvis .   d - +0 dagger {short}
rCold   . . .      Faith    .   (no shield)
rNeg    . . .      Spirit   .   a - +0 robe
rPois   .          Reflect  .   (no helmet)
rElec   .          Harm     .   (no cloak)
rCorr   .          Rampage  .   (no gloves)
Will    .....                   (no boots)
Stlth   ++........              (no amulet)
HPRegen 0.07/turn               (no ring)
MPRegen 0.09/turn               (no ring)

@: no status effects
A: spiny 1
a: no special abilities


You were on level 1 of the Dungeon.
You visited 1 branch of the dungeon, and saw 1 of its levels.

You collected 28 gold pieces.


Innate Abilities, Weirdness & Mutations

You are partially covered in sharp spines.


   Skills:
 + Level 2.2 Fighting
 - Level 1.7 Dodging
 - Level 1.7 Stealth
 - Level 2.0 Spellcasting
 - Level 4.0 Summonings
 + Level 0.2 Air Magic


You had 2 spell levels left.
You knew the following spells:

 Your Spells              Type           Power      Damage    Failure   Level
a - Summon Small Mammal   Summ           56%        N/A       4%          1
b - Call Imp              Summ           14%        N/A       6%          2

Your spell library contained the following spells:

 Spells                   Type           Power      Damage    Failure   Level
 Call Canine Familiar     Summ           14%        N/A       12%         3
 Summon Guardian Golem    Hex/Summ       8%         N/A       26%         3
 Summon Lightning Spire   Summ/Air       8%         N/A       65%         4

Inventory:

Hand Weapons
 d - a +0 dagger (weapon) {short}
   (You took it off a kobold on level 1 of the Dungeon)
Missiles
 c - 21 stones {throwing}
Armour
 a - a +0 robe (worn)
Scrolls
 e - a scroll of identify {unknown}
Potions
 b - a potion of magic
 f - a potion of curing {unknown}
 g - 2 potions of flight {unknown}

Dungeon Overview and Level Annotations

Branches:
Dungeon (1/15)

Altars:

###############.######........
#....................#.######.
#.########......####.#.#....#.
#.# #.......+ .# #.#<.#.#. #.#
#.......##.#.#.####.#. #.#
#......>.....#......#. #.#
#.######.#.#...########. #.#
......g5r............... #.#
......g@.#......#######. #.#
.....?S.........#######. #.#
.........#...#.......... #.#
........$....#.......... #.#
.........###..........## #.#
.......... ..#.###.#..#
#.#################.......)...
#..†......††........#.###.#...
###################.#.#!#.#...


You could see a gnoll (ally target), a hobgoblin, a ball python, a friendly
white imp (summoned) and a friendly rat (summoned).


Message History

Your bat barely misses the giant cockroach.
The giant cockroach is struck by your spines.
The giant cockroach bites you.
Your bat barely misses the giant cockroach.
The bat closely misses you.
The giant cockroach is struck by your spines.
You kill the giant cockroach! 😕 HP[-2] MP[-2]
You take 2 damage, and now have 20/22 hp.
You lost 2 mp, and now have 1/5 mp.
You are too injured to fight recklessly!
You are too injured to fight recklessly!
You are too injured to fight recklessly!
You are too injured to fight recklessly!
You hit the bat.
You kill the bat!
You see here a bat corpse.
Your rat disappears in a puff of smoke!
Your crimson imp disappears in a puff of smoke!
Key pressed, stopping explore.
Your bat disappears in a puff of smoke!
g - 2 dark potions 😎 HP[+2] MP[+4]
Your hp is fully restored (22).
Your mp is fully restored (5).
Key pressed, stopping explore.
A ball python comes into view.
A ball python is nearby!
A ball python is nearby!
A ball python is nearby!
A rat comes into view.
The helpless ball python fails to defend itself.
You puncture the ball python!
You kill the ball python!
You see here a ball python corpse.
You hit the rat.
You kill the rat!
No target in view!
No target in view!
No target in view!
No target in view!
No target in view!
You see here a rat corpse.
A rat comes into view.
A rat is nearby!
A rat is nearby!
A rat is nearby!
The rat is struck by your spines. The rat bites you but does no damage.
You hit the rat.
You kill the rat!
You see here a rat corpse.
Found a stone staircase leading down.
A ball python comes into view.
A ball python is nearby!
A ball python is nearby!
A ball python is nearby!
A gnoll comes into view. It is wielding a +0 club.
There is a stone staircase leading down here.
A ball python comes into view.
The ball python hisses angrily.
A hobgoblin comes into view.
The gnoll shouts!
You barely miss the ball python.
The hobgoblin shouts!
The ball python hisses angrily.
The ball python is struck by your spines.
The ball python barely misses you.
You closely miss the ball python. The ball python bites you.
The gnoll hits you with a +0 club. 😮 HP[-8]
You take 8 damage, and now have 14/22 hp.
MASSIVE DAMAGE!! (PAUSE)
Casting: Call Imp (safe; 6% risk of failure)
Confirm with . or Enter, or press ? or * to list all spells.
The ball python is struck by your spines.
You kill the ball python!
The ball python barely misses you. The gnoll is struck by your spines.
The gnoll barely misses you. 😮 MP[-1]
You lost 1 mp, and now have 4/5 mp.
Casting: Summon Small Mammal (safe; 4% risk of failure)
Confirm with . or Enter, or press ? or * to list all spells.
The ball python bites you but does no damage.
The gnoll is struck by your spines. The gnoll barely misses you.
The ball python barely misses you. 😮 MP[-1]
You lost 1 mp, and now have 3/5 mp.
Casting: Summon Small Mammal (safe; 4% risk of failure)
Confirm with . or Enter, or press ? or * to list all spells.
A beastly little devil appears in a puff of frigid air.
The hobgoblin is struck by your spines. The hobgoblin hits you.
The gnoll hits you with a +0 club.
* * * LOW HITPOINT WARNING * * *
The ball python bites you.
* * * LOW HITPOINT WARNING * * *
😨 HP[-6] MP[-2]
You take 6 damage, and now have 8/22 hp.
MASSIVE DAMAGE!! (PAUSE)
You lost 2 mp, and now have 1/5 mp.
You hit the gnoll. The hobgoblin is struck by your spines.
The hobgoblin closely misses you. The gnoll hits you with a +0 club!
You die...

Skill      XL: |  1  2 |
---------------+-------+-----
Fighting       | 1 2 |  2.2
Dodging        | |  1.7
Stealth        | |  1.7
Spellcasting   | |  2.0
Summonings     | |  4.0
Air Magic      | |  0.2

Action                   || total
-------------------------++-------
Melee: Unarmed           ||     9
       Dagger            ||    21
 Cast: Summon Small Mamm ||    23
       Call Imp          ||     2
 Stab: Sleeping          ||     1
Armor: Robe              ||     8
Dodge: Dodged            ||    29

Levels and vault maps discovered:
D:1:      zelgadis_glass_arrival_small, layout_basic, minmay_surrounded

Notes
Turn   | Place    | Note
-------+----------+-------------------------------------------
     0 | D:1      | spaghetti the Demonspawn Summoner began the quest for the
                  | Orb.
     0 | D:1      | Reached XP level 1. HP: 13/13 MP: 3/3
     0 | D:1      | magus.rc [v1.9.6]
   180 | D:1      | Reached skill level 1 in Fighting
   355 | D:1      | Gained mutation: You are partially covered in sharp spines.
                  | [demonic ancestry]
   355 | D:1      | Reached XP level 2. HP: 21/22 MP: 1/5
   358 | D:1      | Learned a level 2 spell: Call Imp
   513 | D:1      | Reached skill level 2 in Fighting
   856 | D:1      | Slain by a gnoll

Vanquished Creatures
  2 bats (D:1)
  An endoplasm (D:1)
  A giant cockroach (D:1)
  A goblin (D:1)
  2 ball pythons (D:1)
  A frilled lizard (D:1)
  A kobold (D:1)
  2 rats (D:1)
11 creatures vanquished.

Vanquished Creatures (collateral kills)
  A dart slug (D:1)
  A giant cockroach (D:1)
  A hobgoblin (D:1)
  A kobold (D:1)
  A ball python (D:1)
  A bat (D:1)
  A frilled lizard (D:1)
7 creatures vanquished.

Grand Total: 18 creatures vanquished

Table legend:
 A = Non-vault XP
 B = Vault XP
 C = Vault XP percentage of total XP
 D = Non-vault monster count
 E = Vault monster count
 F = Vault count percentage of total count
                 A         B        C        D         E       F
            +---------+---------+-------+---------+---------+-------
      Total |      23 |       6 |  20.7 |      14 |       4 |  22.2
            +---------+---------+-------+---------+---------+-------
        D:1 |      23 |       6 |  20.7 |      14 |       4 |  22.2
            +---------+---------+-------+---------+---------+-------

Illustrated notes

Table legend:
 A = Kills in this place as a percentage of kills in entire the game.
 B = Kills by you in this place as a percentage of kills by you in the entire game.
 C = Kills by friends in this place as a percentage of kills by friends in the entire game.
 D = Other kills in this place as a percentage of other kills in the entire game.
 E = Experience gained in this place as a percentage of experience gained in the entire game.
 F = Experience gained in this place divided by the number of levels of this place that you have seen.
                   A       B       C       D       E      F
               +-------+-------+-------+-------+-------+----------------------
         Total | 100.0 | 100.0 | 100.0 |   N/A | 100.0 |  29.0
       Dungeon | 100.0 | 100.0 | 100.0 |   N/A | 100.0 |  29.0
               +-------+-------+-------+-------+-------+----------------------

Table legend: (Time is in decaauts)
 A = Elapsed time spent in this place.
 B = Non-inter-level travel time spent in this place.
 C = Inter-level travel time spent in this place.
 D = Time resting spent in this place.
 E = Time spent auto-exploring this place.
 F = Levels seen in this place.
 G = Mean time per level.
                   A        B        C        D        E       F      G
               +--------+--------+--------+--------+--------+-----+--------+
         Total |    855 |    855 |      0 |     16 |    679 |   1 |  855.0 |
       Dungeon |    855 |    855 |      0 |     16 |    679 |   1 |  855.0 |
               +--------+--------+--------+--------+--------+-----+--------+

Top non-repeatable levels by time:
     D:1: 855 daAuts
